Map: Dusk Towers

Players

HloKeY

  • Race: Terran Terran

LiquidMaNa (MaNa) - Winner!

  • Race: Protoss Protoss
  • League: Grandmaster

VOD

Have the link to the VOD?

Description

Time

  • Played on: Nov. 29, 2015, 1:32 p.m.
  • Length: 9:47
Show
View Real Time Build Order
Export as new Build Order

HloKeY Terran 

Build Orders: Reaper Expand, MMM Bio 

Get SALT Encoding   

  12  0:00  SCV  
  13  0:13  SCV  
  14  0:17  Supply Depot  
  14  0:25  SCV  
  15  0:39  SCV, Barracks  
  16  0:45  Refinery  
  16  0:51  SCV  
  17  1:03  SCV  
  18  1:15  SCV  
  19  1:27  Orbital Command  
  19  1:29  Reaper  
  20  1:40  Command Center  
  20  1:51  Supply Depot  
  20  1:53  SCV  
  21  2:01  Barracks Reactor  
  21  2:05  SCV  
  22  2:17  SCV  
  23  2:23  Factory  
  23  2:29  SCV  
  24  2:35  Command Center  
  24  2:39  Marine  
  24  2:41  SCV  
  26  2:49  Marine  
  27  2:54  Orbital Command  
  27  2:56  Marine  
  27  2:57  SCV  
  29  3:06  Factory Tech Lab, Marine  
  29  3:09  SCV  
  31  3:20  SCV  
  31  3:22  SCV  
  32  3:28  Cyclone, Marine  
  32  3:29  Marine  
  32  3:33  SCV, Supply Depot  
  32  3:34  SCV  
  39  3:38  Refinery  
  39  3:45  SCV  
  39  3:46  SCV, Marine x2  
  39  3:47  Orbital Command  
  43  3:52  Barracks  
  43  3:58  Barracks  
  43  4:00  SCV  
  43  4:01  SCV  
  45  4:06  Marine  
  45  4:07  Marine  
  47  4:12  SCV  
  47  4:13  SCV  
  47  4:15  Siege Tank  
  52  4:19  SCV, Refinery  
  53  4:24  Marine  
  53  4:27  Marine  
  53  4:28  SCV  
  53  4:31  SCV  
  57  4:35  SCV, Refinery  
  57  4:37  Supply Depot  
  58  4:40  Barracks Tech Lab  
  58  4:44  Barracks Tech Lab  
  58  4:48  SCV  
  58  4:49  SCV  
  58  4:50  Engineering Bay  
  58  4:51  Engineering Bay, Marine x2  
  62  4:56  SCV  
  63  5:00  SCV, Marauder  
  63  5:02  Stimpack  
  63  5:04  Combat Shields  
  63  5:05  SCV  
  67  5:11  SCV  
  67  5:12  Marine x2  
  67  5:13  Starport  
  70  5:14  Marine  
  70  5:16  SCV  
  70  5:17  SCV  
  70  5:18  Terran Infantry Weapons Level 1  
  70  5:20  Supply Depot  
  73  5:21  Marine  
  73  5:24  SCV  
  73  5:26  Terran Infantry Armor Level 1  
  73  5:28  SCV  
  76  5:30  Marine  
  76  5:31  Supply Depot  
  77  5:35  Supply Depot  
  77  5:41  Supply Depot  
  77  5:42  Marine x2  
  79  5:44  SCV  
  80  5:50  Starport Reactor  
  80  5:52  Marine  
  80  5:53  SCV, Barracks  
  80  5:54  Barracks  
  82  5:58  SCV, Marine  
  82  6:02  SCV  
  82  6:03  Supply Depot  
  85  6:06  Marauder  
  87  6:12  Marine x2  
  87  6:15  Orbital Command  
  87  6:16  SCV  
  87  6:18  SCV  
  91  6:26  Marauder  
  91  6:28  SCV  
  91  6:30  SCV  
  95  6:36  Marauder, Medivac x2, Marine  
  95  6:39  Refinery  
  102  6:40  SCV  
  102  6:42  SCV, Barracks Tech Lab, Refinery, Barracks Reactor  
  102  6:44  SCV  
  105  6:48  Supply Depot  
  105  6:49  Supply Depot  
  105  6:50  Siege Tank  
  105  6:53  SCV  
  109  6:54  Barracks  
  109  6:55  Barracks  
  109  6:56  SCV, Barracks  
  109  6:57  SCV  
  111  7:05  SCV  
  111  7:06  Marine x2  
  111  7:07  Marauder  
  116  7:08  SCV  
  116  7:10  Marauder  
  119  7:16  SCV  
  119  7:19  SCV  
  119  7:20  Armory, Marine x3  
  124  7:25  SCV  
  124  7:28  SCV  
  123  7:31  Command Center, Medivac x2  
  123  7:35  Marine x2  
  127  7:37  Marine x2  
  127  7:44  Marine x2  
  124  7:49  SCV  
  124  7:50  SCV  
  112  7:54  SCV  
  112  7:56  Marine  
  98  8:00  Marauder, Marine  
  98  8:01  SCV, Marine  
  98  8:02  SCV, Marine  
  98  8:03  Marine x2  
  98  8:04  Marine  
  84  8:05  Liberator x2  
  84  8:06  SCV  
  84  8:08  Marine  
  84  8:12  Marine  
  86  8:13  SCV, Marine  
  86  8:15  SCV  
  86  8:19  Marine  
  92  8:27  SCV  
  92  8:34  SCV, Marine  
  93  8:35  Barracks Tech Lab x2  
  93  8:36  Barracks Tech Lab  
  93  8:40  Marine  
  95  8:46  Marine x2  
  97  8:52  Starport  
  97  8:53  SCV  
  98  8:56  SCV  
  98  8:57  SCV  
  100  9:05  SCV  
  100  9:07  Fusion Core  
  100  9:09  SCV  
  110  9:10  Marauder  
  110  9:17  Marine x2  
  110  9:18  Marauder, Marine x3  
  110  9:19  Marauder  
  113  9:24  Marine  
  113  9:26  Marine  
Show
View Real Time Build Order
Export as new Build Order

LiquidMaNa Protoss - Winner!

Build Orders: 1 Gate Expand, Double Forge, Blink Stalkers 

Get SALT Encoding   

  12  0:00  Probe (Chrono Boost)  
  13  0:11  Probe (Chrono Boost)  
  14  0:17  Pylon  
  14  0:21  Probe (Chrono Boost)  
  16  0:35  Probe (Chrono Boost)  
  16  0:36  Gateway  
  16  0:46  Probe (Chrono Boost)  
  17  1:06  Nexus  
  17  1:09  Probe (Chrono Boost)  
  18  1:15  Assimilator  
  18  1:20  Probe (Chrono Boost)  
  19  1:27  Cybernetics Core  
  19  1:30  Probe (Chrono Boost)  
  20  1:37  Assimilator  
  20  1:41  Probe (Chrono Boost)  
  20  1:45  Pylon  
  21  1:52  Probe (Chrono Boost)  
  22  2:02  Probe (Chrono Boost)  
  22  2:04  Stalker (Chrono Boost)  
  25  2:14  Probe  
  25  2:16  Probe, Warp Gate  
  26  2:26  Probe x2  
  28  2:37  Probe  
  28  2:38  Probe  
  28  2:39  Stalker (Chrono Boost)  
  32  2:48  Probe  
  32  2:51  Mothership Core (Chrono Boost)  
  35  2:59  Assimilator  
  35  3:01  Twilight Council  
  35  3:02  Probe (Chrono Boost)  
  36  3:09  Stalker  
  36  3:11  Probe (Chrono Boost)  
  39  3:13  Probe (Chrono Boost)  
  40  3:22  Probe (Chrono Boost)  
  40  3:24  Probe (Chrono Boost)  
  42  3:32  Probe (Chrono Boost)  
  42  3:33  Robotics Facility  
  43  3:34  Probe (Chrono Boost)  
  43  3:35  Blink (Chrono Boost)  
  43  3:40  Pylon  
  44  3:43  Probe x2 (Chrono Boost)  
  44  3:45  Assimilator  
  46  3:56  Probe  
  46  3:58  Probe  
  48  4:03  Pylon  
  48  4:07  Probe  
  48  4:08  Gateway  
  49  4:10  Gateway, Probe  
  50  4:18  Pylon  
  50  4:19  Probe  
  50  4:21  Observer (Chrono Boost)  
  50  4:22  Stalker, Probe  
  55  4:31  Probe  
  56  4:39  Pylon  
  56  4:40  Observer (Chrono Boost)  
  56  4:43  Probe x2  
  59  4:46  Stalker  
  61  4:56  Forge x2  
  61  4:57  Probe x2  
  63  5:03  Observer (Chrono Boost)  
  64  5:09  Stalker, Probe x2  
  64  5:10  Stalker  
  64  5:11  Stalker  
  72  5:19  Pylon  
  72  5:21  Probe x2  
  72  5:24  Immortal (Chrono Boost)  
  72  5:27  Resonating Glaives  
  78  5:30  Protoss Ground Weapons Level 1 (Chrono Boost), Protoss Ground Armor Level 1 (Chrono Boost)  
  78  5:33  Pylon  
  78  5:47  Nexus  
  78  5:49  Pylon  
  78  5:50  Probe x2  
  80  5:58  Gateway  
  80  5:59  Gateway  
  80  6:02  Gateway  
  80  6:05  Probe x2  
  80  6:11  Warp Prism  
  83  6:21  Probe x2  
  85  6:37  Adept x3  
  91  6:42  Gateway  
  91  6:43  Gateway  
  91  6:45  Robotics Bay  
  91  6:57  Immortal  
  91  6:58  Adept  
  91  7:00  Adept  
  99  7:03  Pylon  
  99  7:04  Assimilator  
  99  7:05  Assimilator  
  99  7:11  Probe x2  
  99  7:13  Pylon  
  101  7:16  Protoss Ground Armor Level 2 (Chrono Boost), Protoss Ground Weapons Level 2 (Chrono Boost)  
  101  7:20  Adept x2  
  105  7:32  Sentry  
  105  7:33  Sentry x2  
  105  7:35  Pylon  
  105  7:36  Disruptor, Pylon  
  114  7:37  Adept  
  114  7:42  Adept x3  
  120  7:48  Adept  
  118  7:58  Adept x2  
  110  7:59  Adept x2  
  110  8:02  Probe  
  104  8:06  Probe  
  104  8:09  Stalker x2  
  104  8:10  Stalker x2  
  111  8:13  Disruptor  
  111  8:14  Probe  
  111  8:16  Probe  
  114  8:20  Adept  
  114  8:21  Adept x2  
  114  8:22  Adept  
  120  8:35  Sentry x2  
  120  8:36  Sentry  
  120  8:40  Pylon  
  126  8:49  Disruptor  
  126  8:51  Nexus  
  129  8:57  Pylon  
  129  8:58  Adept x4  
  129  8:59  Adept, Pylon  
  139  9:14  Pylon  
  139  9:25  Adept x4  
  146  9:32  Zealot x3  
Tags
 
Add a new tag
Caveats
  • Supply blocks, unpowered buildings, or Contaminate may cause inaccurate times.
  • Supply counts are checked every 10 seconds.